 Dungeon Crawl Stone Soup version 0.31-a0-521-gc7390f8997 (webtiles) character file.

Game seed: 16990773366566085946

11182 Newt the Markskobold (level 12, -4/61 HPs)
             Began as a Kobold Hunter on Aug 10, 2023.
             Was a Believer of Hepliaklqana.
             Slain by a troll (14 damage)
             ... on level 10 of the Dungeon on Aug 11, 2023.
             The game lasted 00:13:27 (11385 turns).

Newt the Markskobold (Kobold Hunter)               Turns: 11385, Time: 00:13:28

Health: -4/61      AC: 14    Str: 14    XL:     12   Next: 4%
Magic:  12/22      EV: 17    Int: 11    God:    Hepliaklqana [**....]
Gold:   830        SH:  0    Dex: 23    Spells: 21/24 levels left

rFire   . . .        a - +5 shortbow (elec)
rCold   . . .        (shield currently unavailable)
rNeg    . . .        v - +0 steam dragon scales
rPois   .            t - +2 hat
rElec   .            (no cloak)
rCorr   .            (no gloves)
SInv    .            D - +2 pair of boots {rampage}
Will    .....        r - amulet of magic regeneration
Stlth   +++          m - +4 ring of protection
HPRegen 0.30/turn    p - +6 ring of strength
MPRegen 0.58/turn

%: rampage
@: portalling projectiles
A: reduced essence, small, no large weapons, nightstalker 3
a: Renounce Religion, Recall Ancestor, Ancestor Identity


You were on level 10 of the Dungeon.
You worshipped Hepliaklqana.
Hepliaklqana was pleased with you.
You visited 2 branches of the dungeon, and saw 12 of its levels.
You also visited: Ossuary.

You collected 1726 gold pieces.
You spent 896 gold pieces at shops.

Inventory:

Hand Weapons
 a - a +5 shortbow of electrocution (weapon)
Missiles
 y - 3 throwing nets
Armour
 c - a +1 leather armour
 s - a +1 scale mail of poison resistance
 t - a +2 hat (worn)
 v - +0 steam dragon scales (worn)
 D - a +2 pair of boots of rampaging (worn)
Jewellery
 m - a +4 ring of protection (left hand)
 p - a +6 ring of strength (right hand)
 r - an amulet of magic regeneration (around neck)
 z - a +6 ring of strength
 C - the ring of Ownamp Pipp {rC+ rN+ Int-3 SInv}
   (You bought it in a shop on level 9 of the Dungeon)

   [ring of see invisible]

   Int-3:     It affects your intelligence (-3).
   rC+:       It protects you from cold.
   rN+:       It protects you from negative energy.
   SInv:      It lets you see invisible.
 G - a +6 ring of dexterity
Wands
 l - a wand of polymorph (5)
 A - a wand of flame (19)
 F - a wand of charming (4)
Scrolls
 b - a scroll of butterflies
 d - 2 scrolls of revelation
 h - a scroll of silence
 i - 2 scrolls of fear
 j - 3 scrolls of enchant armour
 B - a scroll of amnesia
 E - a scroll of teleportation
Potions
 e - 2 potions of enlightenment
 f - 4 potions of degeneration
 g - a potion of brilliance
 k - a potion of lignification
 n - 2 potions of heal wounds
 o - 2 potions of resistance
 q - a potion of attraction
 u - a potion of invisibility
 w - 2 potions of mutation
 x - a potion of curing {unknown}


   Skills:
 - Level 5.0 Fighting
 - Level 15.0 Ranged Weapons
 + Level 4.0 Dodging
 - Level 1.3 Stealth
 - Level 6.7 Spellcasting
 - Level 8.5 Hexes
 - Level 8.5 Translocations


You had 21 spell levels left.
You knew the following spells:

 Your Spells              Type           Power      Damage    Failure   Level
a - Portal Projectile     Hex/Tloc       44%        N/A       1%          3

Your spell library contained the following spells:

 Spells                   Type           Power      Damage    Failure   Level
 Tukima's Dance           Hex            22%        N/A       1%          3
 Volatile Blastmotes      Fire/Tloc      26%        2d12      10%         3
 Poisonous Vapours        Pois/Air       6%         N/A       26%         2
 Fulminant Prism          Conj/Hex       6%         3d7       30%         4
 Iskenderun's Mystic Bla  Conj/Tloc      13%        2d5       30%         4
 Ignite Poison            Fire/Tmut/Pois 3%         N/A       47%         3
 Mephitic Cloud           Conj/Pois/Air  3%         N/A       47%         3
 Stone Arrow              Conj/Erth      6%         3d7       47%         3
 Animate Armour           Summ/Erth      6%         N/A       87%         4
 Sticky Flame             Conj/Fire      3%         2d3       87%         4
 Freezing Cloud           Conj/Ice/Air   1%         6-21      99%         5
 Haunt                    Necr/Summ      1%         N/A       100%        7
 Borgnjor's Revivificati  Necr           1%         N/A       100%        8
 Ignition                 Fire           1%         3d3       100%        8
 Lehudib's Crystal Spear  Conj/Erth      1%         10d2      100%        8
 Death's Door             Necr           1%         N/A       100%        9


Dungeon Overview and Level Annotations

Branches:
Dungeon (11/15)            Temple (1/1) D:6            Lair (0/5) D:11
Ossuary (visited)
    Orc: D:9-12

Altars:
Ashenzari
Dithmenos
Elyvilon
Gozag
Hepliaklqana
Kikubaaqudgha
Makhleb
Nemelex Xobeh
Okawaru
Ru
Sif Muna
Trog
Uskayaw
Vehumet
Wu Jian
Xom
Yredelemnul
Zin

Shops:
D:9 [=??   D:10 :


Innate Abilities, Weirdness & Mutations

Your life essence is reduced to manifest your ancestor. (-10% HP)
You are small and have problems with some larger weapons.
You are completely attuned to the shadows.


Message History

The troll claws you!
Unknown command.
You magically shoot an arrow.
The arrow hits the troll.
You kill the troll!
Your Dodging skill increases to level 4!
Unknown command.
You magically shoot an arrow.
The arrow closely misses the howler monkey.
Something barely misses Ishtar-belessa.
Something claws Ishtar-belessa.
Something claws Ishtar-belessa but does no damage.
The howler monkey hits you.
Ishtar-belessa barely misses the howler monkey.
Unknown command.
You magically shoot an arrow.
The arrow closely misses the howler monkey.
The howler monkey misses you.
Unknown command.
You magically shoot an arrow.
The arrow closely misses the howler monkey.
Ishtar-belessa hits the howler monkey with a +0 flail!
Unknown command.
You magically shoot an arrow.
The arrow hits the howler monkey.
The howler monkey is heavily wounded.
The howler monkey hits you but does no damage.
You magically shoot an arrow.
The arrow completely misses the troll.
The howler monkey misses you. The troll barely misses you. The troll claws you!
The troll misses you.
Unknown command.
You magically shoot an arrow.
The arrow hits the troll.
The troll is lightly wounded.
Ishtar-belessa closely misses the howler monkey.
The howler monkey hits you but does no damage.
The troll barely misses you. The troll claws you but does no damage.
The troll claws you!
* * * LOW HITPOINT WARNING * * *
The howler monkey barely misses you.
Ishtar-belessa hits the howler monkey with a +0 flail!
The howler monkey dies!
The troll bites you!
You die...

##### ###### #...# ###
#..... #...####.#
#..... #...).∩..#
#.....
##.>T#..#.###.....
#.R.##....#.......
#†#.#####.R.#####.
#####@#.......#######.
#.....T..^....R.##....
#.###.#.#######.##.###
#.# #...........##.###
#.# ###.##########....
#.#####.##............
#.......##......###...
#######.##......# #...
##.........# #...


You could see the friendly Ishtar-belessa the knight and a troll.

Vanquished Creatures
  Erica (D:8)
  A two-headed ogre (D:9)
  An ugly thing (D:11)
  A hornet (D:9)
  2 trolls
  Sigmund (D:6)
  A wyvern (D:8)
  2 wraiths
  16 yaks
  2 steam dragons (D:9)
  4 vampire mosquitoes
  4 acid dragons
  3 orc warriors
  3 ice beasts
  3 black bears
  2 ogres (D:6)
  4 centaurs (D:11)
  2 kobold brigands
  4 bullfrogs
  2 gnoll sergeants
  4 scorpions
  13 wights
  12 killer bees (D:10)
  A howler monkey (D:9)
  A human zombie (Ossuary)
  2 jellies
  5 orc priests
  3 hounds
  Ijyb (D:2)
  Terence (D:3)
  An iguana (D:5)
  8 orc wizards
  3 sleepcaps
  2 mummies (Ossuary)
  7 gnolls
  5 adders
  A shadow imp (D:8)
  A white imp (D:6)
  3 ufetubi
  A worm (D:2)
  A dart slug (D:3)
  27 orcs
  12 ball pythons
  4 bats
  8 endoplasms
  2 giant cockroaches
  5 gnoll zombies (Ossuary)
  9 goblins
  10 hobgoblins
  4 quokkas
  3 frilled lizards
  2 goblin zombies (Ossuary)
  4 hobgoblin zombies (Ossuary)
  17 kobolds
  2 orc zombies (Ossuary)
  7 rats
251 creatures vanquished.

Vanquished Creatures (collateral kills)
  A shadow (D:9)
  A vampire mosquito (D:11)
  A centaur (D:11)
  5 killer bees (D:10)
  3 howler monkeys
  An orc wizard (D:11)
  4 kobolds (D:9)
16 creatures vanquished.

Vanquished Creatures (others)
  3 ancestors
3 creatures vanquished.

Grand Total: 270 creatures vanquished

Notes
Turn   | Place    | Note
-------+----------+-------------------------------------------
     0 | D:1      | Newt the Kobold Hunter began the quest for the Orb.
     0 | D:1      | Reached XP level 1. HP: 12/12 MP: 1/1
   182 | D:1      | Reached XP level 2. HP: 18/18 MP: 2/2
   466 | D:1      | Reached XP level 3. HP: 23/23 MP: 3/3
  1138 | D:2      | Reached XP level 4. HP: 21/30 MP: 4/4
  1346 | D:2      | Found a shimmering altar of Xom.
  1489 | D:2      | Reached skill level 5 in Fighting
  1491 | D:2      | Noticed Ijyb
  1514 | D:2      | Killed Ijyb
  1515 | D:2      | Reached XP level 5. HP: 34/35 MP: 5/5
  1649 | D:2      | Reached skill level 6 in Ranged Weapons
  2121 | D:3      | Found a glowing silver altar of Zin.
  2224 | D:3      | Noticed Terence
  2233 | D:3      | Killed Terence
  2436 | D:3      | Found a shimmering blue altar of Sif Muna.
  2734 | D:4      | Noticed a black bear
  2745 | D:4      | Killed a black bear
  2746 | D:4      | Reached skill level 7 in Ranged Weapons
  2746 | D:4      | Reached XP level 6. HP: 22/40 MP: 6/6
  2757 | D:4      | Found a sand-covered staircase.
  2765 | Ossuary  | Entered an ossuary
  2876 | Ossuary  | Reached skill level 8 in Ranged Weapons
  3257 | D:4      | Reached XP level 7. HP: 43/44 MP: 7/7
  3697 | D:5      | Entered Level 5 of the Dungeon
  3718 | D:5      | Reached skill level 9 in Ranged Weapons
  4022 | D:6      | Reached skill level 10 in Ranged Weapons
  4022 | D:6      | Reached skill level 1 in Spellcasting
  4246 | D:6      | Reached skill level 1 in Hexes
  4246 | D:6      | Reached skill level 1 in Translocations
  4254 | D:6      | Reached XP level 8. HP: 22/49 MP: 8/10
  4359 | D:6      | Found a staircase to the Ecumenical Temple.
  4398 | D:6      | Noticed Sigmund
  4407 | D:6      | Killed Sigmund
  4455 | D:6      | Learned a level 3 spell: Portal Projectile
  4466 | D:6      | Noticed a yak
  4467 | D:6      | Noticed a yak
  4473 | D:6      | Noticed a yak
  4477 | D:6      | Noticed a yak
  4480 | D:6      | Killed a yak
  4487 | D:6      | Killed a yak
  4496 | D:6      | Killed a yak
  4506 | D:6      | Killed a yak
  4507 | D:6      | Reached XP level 9. HP: 30/54 MP: 13/15
  4771 | D:6      | Reached skill level 5 in Spellcasting
  4848 | D:6      | Reached skill level 5 in Hexes
  4848 | D:6      | Reached skill level 5 in Translocations
  5228 | D:6      | Found a white marble altar of Elyvilon.
  5526 | Temple   | Entered the Ecumenical Temple
  5533 | Temple   | Became a worshipper of Hepliaklqana the Forgotten
  6392 | D:7      | Reached XP level 10. HP: 59/59 MP: 12/18
  6847 | D:7      | Found a basalt altar of Yredelemnul.
  7613 | D:8      | Reached * piety under Hepliaklqana
  7760 | D:8      | Noticed Erica
  7768 | D:8      | Killed Erica
  7818 | D:8      | Identified a scroll of acquirement
  7818 | D:8      | Acquired 885 gold pieces
  8300 | D:9      | Noticed a two-headed ogre
  8310 | D:9      | Killed a two-headed ogre
  8373 | D:9      | Found Karuo's Magic Scroll Shoppe.
  8380 | D:9      | Bought a scroll of enchant weapon for 112 gold pieces
  8380 | D:9      | Bought 2 scrolls of identify for 60 gold pieces
  8531 | D:9      | Found Tisogoll's Magic Scroll Boutique.
  8537 | D:9      | Bought a scroll of enchant weapon for 120 gold pieces
  8559 | D:9      | Reached XP level 11. HP: 53/56 MP: 15/21
  8792 | D:9      | Found a shadowy altar of Dithmenos.
  8798 | D:9      | Reached skill level 11 in Ranged Weapons
  8888 | D:9      | Found Faithres's Jewellery Emporium.
  8893 | D:9      | Bought the ring of Ownamp Pipp {rC+ rN+ Int-3 SInv} for 349
                  | gold pieces
  9118 | D:9      | Found Teiz's Antique Armour Shop.
  9163 | D:9      | Bought a pair of runed boots for 255 gold pieces
  9495 | D:10     | Entered Level 10 of the Dungeon
  9585 | D:10     | Found Miocyvar's Book Shoppe.
  9654 | D:10     | Reached skill level 12 in Ranged Weapons
  9722 | D:10     | Reached ** piety under Hepliaklqana
  9723 | D:10     | Remembered your ancestor Ishtar-belessa as a knight
  9827 | D:10     | Reached skill level 13 in Ranged Weapons
 10029 | D:10     | Reached skill level 14 in Ranged Weapons
 10660 | D:11     | Found a staircase to the Lair.
 11157 | D:11     | Noticed a white ugly thing
 11166 | D:11     | Killed a white ugly thing
 11167 | D:11     | Reached skill level 15 in Ranged Weapons
 11167 | D:11     | Reached XP level 12. HP: 44/61 MP: 14/22
 11385 | D:10     | Slain by a troll

Illustrated notes

Levels and vault maps discovered:
D:1:      minmay_arrival_diagonal_passages, layout_loops_corners
D:2:      kennysheep_the_goblin_king, layout_basic, basic_altar,
          serial_park_tiny_1
D:3:      layout_rooms, kennysheep_orc_sif_temple, zin_academy, uniq_terence
D:4:      layout_loops_ring, enter_ossuary_5, nicolae_houndstooth_variations
D:5:      layout_basic, chequers_temple_overflow_minitemple, st_stairs_6,
          corexii_item_surrounded_by_moat, minmay_manual_mandibuliform,
          uniq_duvessa
D:6:      cheibrodos_helix_gallery, layout_loops_ring,
          lemuel_coloured_pillars_altar, minmay_temple_entry_purple_smoke,
          minmay_unpleasant_kobolds, uniq_sigmund
D:7:      layout_basic, nicolae_overflow_crystal_walls, item_on_display_a
D:8:      layout_rooms, uniq_erica
D:9:      layout_long_grid, grunt_dithmenos_shadows, serial_shops, shop, shop,
          shop_statue, nicolae_shop_hallway_plus
D:10:     wad_pebble_path, layout_basic, serial_shops, shop
D:11:     layout_loops_corners, lair_entry_dummy, kennysheep_kite_vault,
          uniq_grum
Temple:   cyrus_circular_temple

Skill      XL: |  1  2  3  4  5  6  7  8  9 10 11 12 |
---------------+-------------------------------------+-----
Fighting       | 3 4 5 |  5.0
Ranged Weapons | 7 8 10 15 | 15.0
Spellcasting   | 1 4 5 6 |  6.7
Hexes          | 1 4 5 8 |  8.5
Translocations | 1 4 5 8 |  8.5
Dodging        | 3 4 |  4.0
Stealth        | |  1.3

Action                     |  1- 3 |  4- 6 |  7- 9 | 10-12 || total
---------------------------+-------+-------+-------+-------++-------
   Fire: Shortbow          |    81 |   201 |   294 |   392 ||   968
   Cast: Portal Projectile |       |       |     9 |    48 ||    57
 Invoke: Ancestor Life: Kn |       |       |       |     1 ||     1
         Recall Ancestor   |       |       |       |     2 ||     2
  Evoke: Wand              |       |       |     1 |       ||     1
    Use: Scroll            |       |    13 |     4 |    13 ||    30
         Potion            |       |       |     2 |       ||     2
 Armour: Leather armour    |     4 |    40 |    60 |    45 ||   149
         Steam dragon scal |       |       |       |    42 ||    42
  Dodge: Dodged            |    35 |    79 |   136 |   172 ||   422

Table legend: (Time is in decaauts)
 A = Elapsed time spent in this place.
 B = Non-inter-level travel time spent in this place.
 C = Inter-level travel time spent in this place.
 D = Time resting spent in this place.
 E = Time spent auto-exploring this place.
 F = Levels seen in this place.
 G = Mean time per level.
                   A        B        C        D        E       F      G
               +--------+--------+--------+--------+--------+-----+--------+
         Total |  11314 |  11012 |    302 |   1476 |   7996 |  13 |  870.3 |
       Dungeon |  11016 |  10722 |    294 |   1476 |   7800 |  11 | 1001.5 |
        Temple |     14 |      7 |      7 |      0 |      0 |   1 |   14.0 |
       Ossuary |    283 |    283 |      0 |      0 |    196 |   1 |  283.0 |
               +--------+--------+--------+--------+--------+-----+--------+

Top non-repeatable levels by time:
     D:6: 1911 daAuts
     D:7: 1449 daAuts
    D:10: 1239 daAuts
     D:9: 1210 daAuts
     D:1: 994 daAuts
     D:2: 987 daAuts
     D:8: 893 daAuts
     D:3: 745 daAuts
     D:4: 732 daAuts
    D:11: 603 daAuts
 Ossuary: 283 daAuts
     D:5: 249 daAuts
  Temple: 14 daAuts
